 Dungeon Crawl Stone Soup version 0.30-b1-2-g02819fbbbe (webtiles) character file.

Game seed: 7876645522421157513

253 sanka the Gusty (level 5, -2/57 HPs)
             Began as a Vampire Warper on May 16, 2023.
             Succumbed to Sigmund's poison
             ... on level 3 of the Dungeon.
             The game lasted 00:05:38 (2294 turns).

sanka the Gusty (Vampire Warper)                    Turns: 2294, Time: 00:05:39

Health: -2/57      AC: 22    Str: 10    XL:     5   Next: 90%
Magic:  8/8        EV:  2    Int: 17    God:
Gold:   106        SH:  0    Dex: 14    Spells: 2/8 levels left

rFire   . . .        s - +1 dagger (venom)
rCold   . . .        (no shield)
rNeg    . . .        b - melded +0 leather armour
rPois   +            u - melded +0 helmet
rElec   .            (cloak currently unavailable)
rCorr   .            (gloves currently unavailable)
SInv    +            (boots currently unavailable)
Will    .....        (no amulet)
Stlth   +            (no ring)
HPRegen 0.49/turn    (no ring)
MPRegen 0.11/turn

%: no passive effects
@: lethally poisoned (-2 -> -14), tree-form, attractive, healing quickly
A: stationary, stasis, torment immunity, boosted hp, alive, (fangs 3), see
invisible, vampiric 2
a: Exsanguinate


You were on level 3 of the Dungeon.
You were a tree.
You visited 1 branch of the dungeon, and saw 3 of its levels.

You collected 106 gold pieces.

Inventory:

Hand Weapons
 a - a +0 falchion
 m - a +0 trident
 o - a +2 dagger of speed
 s - a +1 dagger of venom (weapon)
Missiles
 d - 7 boomerangs of dispersal (quivered) {=f}
 g - 11 boomerangs
Armour
 b - a +0 leather armour (melded)
 u - a +0 helmet (melded)
Jewellery
 i - a ring of fire
Scrolls
 c - a scroll of blinking
 e - a scroll of poison {unknown}
 j - 4 scrolls of identify {unknown}
 k - a scroll of magic mapping {unknown}
 n - 2 scrolls of immolation {unknown}
 p - a scroll of enchant armour {unknown}
 r - a scroll of brand weapon {unknown}
 t - a scroll of teleportation {unknown}
Potions
 f - a potion of lignification {!q}
 h - a potion of haste {unknown}
 l - a potion of attraction {!q}
 q - a potion of brilliance {unknown}
 v - a potion of mutation {unknown}


   Skills:
 - Level 2.0 Fighting
 - Level 2.0 Long Blades
 - Level 0.7 Throwing
 - Level 0.7 Armour
 - Level 2.1 Dodging
 - Level 2.0 Spellcasting
 - Level 2.4 Translocations
 + Level 5.7 Air Magic


You had 2 spell levels left.
You knew the following spells:

 Your Spells              Type           Power      Damage    Failure   Level
a - Static Discharge      Conj/Air       22%        2-3/arc   9%          2
b - Airstrike             Air            10%        2d(2-18)  19%         4

Your spell library contained the following spells:

 Spells                   Type           Power      Damage    Failure   Level
 Blink                    Tloc           18%        N/A       11%         2
 Lesser Beckoning         Tloc           18%        N/A       11%         2
 Vhi's Electric Charge    Tloc/Air       30%        N/A       11%         3
 Gell's Gravitas          Tloc           9%         N/A       22%         3
 Teleport Other           Tloc           9%         N/A       22%         3
 Summon Lightning Spire   Summ/Air       11%        N/A       52%         4
 Manifold Assault         Tloc           9%         N/A       58%         4
 Summon Forest            Summ/Tloc      2%         N/A       97%         5
 Summon Mana Viper        Hex/Summ       1%         N/A       99%         5
 Dispersal                Tloc           4%         N/A       100%        6
 Summon Cactus Giant      Summ           0%         N/A       100%        6


Dungeon Overview and Level Annotations

Branches:
Dungeon (3/15)

Altars:
Makhleb

Annotations:
D:3 Sigmund


Innate Abilities, Weirdness & Mutations

You are a tree.
Your roots penetrate the ground, keeping you stationary.
You cannot be teleported.
You are immune to unholy pain and torment.
Your maximum health is greatly increased.
Your equipment is partially melded.
Your natural rate of healing is accelerated.
((You have razor-sharp teeth.))
You have supernaturally acute eyesight. (SInv)
You are afflicted with vampirism and can become a bat while bloodless.


Message History

You now have 106 gold pieces (gained 8).
There is an open door here.
Found an escape hatch in the floor.
Found a ring mail.
There is an escape hatch in the floor here.
Sigmund the Dreaded comes into view.
He is wielding a +0 scythe of venom.
Sigmund shouts!
Sigmund points at you and mumbles some strange words.
The puff of flame hits you!
Sigmund says, "Look into my eyes."
Sigmund hits you from afar with a +0 scythe of venom.
You are poisoned.
You feel sick. Sigmund gestures at you while chanting.
The puff of flame hits you!
You closely miss Sigmund. You bite Sigmund.
Sigmund is lightly wounded.
You feel sick.
You barely miss Sigmund. Your bite misses Sigmund.
Sigmund is lightly wounded.
You feel sick. Sigmund hits you but does no damage.
You are more poisoned.
A giant cockroach comes into view.
You hit Sigmund.
Sigmund is poisoned.
Sigmund is moderately wounded.
* * * LOW HITPOINT WARNING * * *
You feel very sick.
Sigmund hits you with a +0 scythe of venom.
* * * LOW HITPOINT WARNING * * *
You are more poisoned.
It was a potion of lignification.
You turn into a tree.
Your +0 helmet melds into your body.
Your +0 leather armour melds into your body.
Your roots penetrate the ground.
* * * LOW HITPOINT WARNING * * *
You feel very sick.
Unknown command.
It was a potion of attraction.
You feel attractive to monsters.
You die...

.........# #.#
######.### #.# #.#
#.# ### #.# #.# #.#
#.# # #######.###.#
.........♣@B#
##############.#####
...............#
################


You could see Sigmund (very poisoned) and a giant cockroach.

Vanquished Creatures
  Jessica (D:2)
  3 orc wizards
  4 adders
  5 gnolls
  2 worms
  A dart slug (D:2)
  5 orcs
  4 bats
  4 endoplasms
  2 hobgoblins
  A jackal (D:2)
  5 quokkas
  2 ball pythons (D:1)
  4 frilled lizards
  6 goblins
  7 kobolds
  8 rats
64 creatures vanquished.

Notes
Turn   | Place    | Note
-------+----------+-------------------------------------------
     0 | D:1      | sanka the Vampire Warper began the quest for the Orb.
     0 | D:1      | Reached XP level 1. HP: 16/16 MP: 3/3
    77 | D:1      | Reached skill level 1 in Air Magic
    77 | D:1      | Reached XP level 2. HP: 12/22 MP: 5/5
   241 | D:1      | Reached skill level 2 in Air Magic
   590 | D:1      | Learned a level 2 spell: Static Discharge
   848 | D:2      | Gained mutation: You are afflicted with vampirism and can
                  | become a bat while bloodless. [Vampire growth]
   848 | D:2      | Reached XP level 3. HP: 25/27 MP: 6/6
   851 | D:2      | Found a burning altar of Makhleb.
   931 | D:2      | Noticed Jessica
  1012 | D:2      | Killed Jessica
  1013 | D:2      | Reached skill level 3 in Air Magic
  1112 | D:2      | Reached XP level 4. HP: 33/33 MP: 7/7
  1318 | D:1      | Reached skill level 4 in Air Magic
  1391 | D:1      | Learned a level 4 spell: Airstrike
  1558 | D:2      | Reached XP level 5. HP: 38/38 MP: 8/8
  1623 | D:2      | Reached skill level 5 in Air Magic
  2287 | D:3      | Noticed Sigmund
  2293 | D:3      | HP: 1/57 [poisoned by Sigmund]
  2294 | D:3      | Succumbed to Sigmund's poison

Illustrated notes

Levels and vault maps discovered:
D:1:      amcnicky_arrival_choice, layout_loops_ring
D:2:      layout_basic, basic_altar, st_stairs_13,
          minmay_fractal_squares_gapless_5, uniq_jessica
D:3:      layout_basic, mainiacjoe_overflow_alcove_2, uniq_sigmund

Skill      XL: |  1  2  3  4  5 |
---------------+----------------+-----
Fighting       | 2 |  2.0
Air Magic      | 1 2 3 4 5 |  5.7
Long Blades    | |  2.0
Throwing       | |  0.7
Armour         | |  0.7
Dodging        | |  2.1
Spellcasting   | |  2.0
Translocations | |  2.4

Action                     |  1- 3 |  4- 6 || total
---------------------------+-------+-------++-------
  Melee: Falchion          |    62 |       ||    62
         Bite              |    11 |    19 ||    30
         Trident           |    37 |       ||    37
         Dagger            |     6 |   165 ||   171
    Use: Potion            |       |     2 ||     2
   Stab: Sleeping          |     2 |       ||     2
 Armour: Leather armour    |    29 |    28 ||    57
  Dodge: Dodged            |    60 |    63 ||   123
